 Dungeon Crawl Stone Soup version 0.31-a0-600-g62dffe198b (webtiles) character file.

Game seed: 17371904288793502241

228 CrazyBamboolord the Magician (level 6, -7/60 HPs)
             Began as a Djinni Fire Elementalist on Aug 21, 2023.
             Mangled by a gnoll bouda
             ... wielding a +0 whip
              (10 damage)
             ... on level 3 of the Dungeon.
             The game lasted 00:03:30 (1970 turns).

CrazyBamboolord the Magician (DjFE)                 Turns: 1970, Time: 00:03:31

Health: -7/60      AC:  3    Str:  7    XL:     6   Next: 22%
Gold:   137        EV: 13    Int: 19    God:
                   SH:  0    Dex: 13

rFire   + + .        n - +8 club
rCold   x . .        (no shield)
rNeg    + . .        a - +0 robe
rPois   ∞            (no helmet)
rElec   .            p - +0 cloak
rCorr   .            (no gloves)
SInv    .            (boots unavailable)
Will    .....        (no amulet) Stlth
                     i - ring of positive energy
HPRegen 0.30/turn    (no ring)
MPRegen 0.00/turn

%: infuse magic (-8 HP)
@: berserking, flying, very slightly contaminated, very quick
A: sickness immunity, fire resistance 2, cold vulnerability 1, float, innate
caster, HP casting, extra vitality 1
a: no special abilities


You were on level 3 of the Dungeon.
You visited 1 branch of the dungeon, and saw 3 of its levels.

You collected 137 gold pieces.

Inventory:

Hand Weapons
 n - a +8 club (weapon)
Missiles
 c - a throwing net
Armour
 a - a +0 robe (worn)
 p - a +0 cloak (worn)
Jewellery
 i - a ring of positive energy (left hand)
Wands
 m - a wand of acid (7)
Scrolls
 d - a scroll of enchant armour {unknown}
 f - 4 scrolls of teleportation
 g - a scroll of enchant weapon {unknown}
 j - a scroll of noise {unknown}
 l - a scroll of immolation {unknown}
Potions
 b - a potion of attraction
 e - a potion of degeneration
 k - a potion of enlightenment {unknown}
 o - a potion of mutation {unknown}


   Skills:
 + Level 3.7 Dodging
 + Level 2.8 Stealth
 + Level 4.2 Spellcasting
 + Level 4.2 Conjurations
 + Level 4.2 Hexes
 + Level 4.2 Summonings
 + Level 4.2 Necromancy
 + Level 4.2 Translocations
 + Level 4.2 Transmutations
 + Level 4.2 Fire Magic
 + Level 4.2 Ice Magic
 + Level 4.2 Air Magic
 + Level 4.2 Earth Magic
 + Level 4.2 Poison Magic


You knew the following spells:

 Your Spells              Type           Power      Damage    Failure   Level
a - Foxfire               Conj/Fire      80%        2x1d8     2%          1
b - Scorch                Fire           40%        2d6       3%          2
c - Volatile Blastmotes   Fire/Tloc      40%        2d13      7%          3
d - Inner Flame           Hex/Fire       20%        N/A       7%          3
e - Flame Wave            Conj/Fire      20%        2d7       22%         4
f - Shock                 Conj/Air       80%        1d8       2%          1
g - Lesser Beckoning      Tloc           40%        N/A       3%          2
Your spell library was empty.

Dungeon Overview and Level Annotations

Branches:
Dungeon (3/15)

Altars:


Innate Abilities, Weirdness & Mutations

You are immune to sickness and miasma.
You are immune to poison.
Your flesh is very heat resistant. (rF++)
You are vulnerable to cold. (rC-)
You float through the air rather than walking.
You learn spells naturally, not from books.
Your magical power is your life essence.
You have superior vitality. (+4 MHP)


Message History

Confirm with . or Enter, or press ? or * to list all spells.
Flames lash the gnoll.
The gnoll is burned terribly!
You kill the gnoll!
The gnoll hits you from afar with a +0 spear.
Unknown command.
Casting: Scorch (safe; 3% risk of failure)
Confirm with . or Enter, or press ? or * to list all spells.
Flames lash the gnoll bouda.
The gnoll bouda is almost dead.
The gnoll bouda's fire resistance burns away.
* * * LOW HITPOINT WARNING * * *
Your attacks no longer feel as feeble.
The gnoll hits you from afar with a +0 spear.
* * * LOW HITPOINT WARNING * * *
The gnoll bouda utters an invocation to its god.
The gnoll bouda is healed somewhat.
Unknown command.
Casting: Scorch (safe; 3% risk of failure)
Confirm with . or Enter, or press ? or * to list all spells.
You miscast Scorch.
You are very lightly contaminated with residual magic.
Nothing appears to happen.
* * * LOW HITPOINT WARNING * * *
The gnoll is no longer more vulnerable to fire.
The gnoll closely misses you.
The gnoll bouda utters an invocation to its god.
The gnoll bouda is healed somewhat.
Unknown command.
It was a potion of berserk rage.
A red film seems to cover your vision as you go berserk!
You feel yourself moving faster!
You feel mighty!
The gnoll hits you from afar with a +0 spear.
* * * LOW HITPOINT WARNING * * *
The gnoll bouda hits you with a +0 whip!
* * * LOW HITPOINT WARNING * * *
You barely miss the gnoll bouda.
The gnoll bouda is heavily wounded.
The gnoll misses you.
The gnoll bouda hits you with a +0 whip!
You die...

.~~# ~~.~~~##~##.#.##.##
#8.####~##~8~...........
.#..~~~_~~~~.#~........##
.~##~~..~.~~#~.........#
~..~.~~.~~~#.~.........#
#~#~..~...~...........#
?.##~~.~~#~~.##.......#
..~.~#'''##~.###.......#
...~..)g@..~.# #.......##
...#####.##### #####.....
.. #g######## #.....
.)..#.....###.....
...................
..............).....
...........##........
##..........##).......
#..........##†.......


You could see a gnoll bouda (combustible) and a gnoll (swift).

Vanquished Creatures
  Ijyb (D:3)
  Jessica (D:3)
  Natasha (thrice) (D:2)
  An adder (D:2)
  2 gnolls (D:3)
  3 worms (D:2)
  A dart slug (D:1)
  An orc (D:3)
  4 ball pythons (D:1)
  14 bats
  3 endoplasms (D:1)
  2 giant cockroaches (D:2)
  7 goblins
  3 hobgoblins (D:1)
  4 jackals (D:1)
  2 quokkas
  A frilled lizard (D:1)
  4 kobolds
  4 rats
  A spectral hobgoblin (D:3)
62 creatures vanquished.

Vanquished Creatures (others)
  289 foxfires
289 creatures vanquished.

Grand Total: 351 creatures vanquished

Notes
Turn   | Place    | Note
-------+----------+-------------------------------------------
     0 | D:1      | CrazyBamboolord the Djinni Fire Elementalist began the
                  | quest for the Orb.
     0 | D:1      | CrazyBamboolord set off with the following spells
                  | memorised: Foxfire, Scorch, Volatile Blastmotes, Inner
                  | Flame, Flame Wave.
     0 | D:1      | Reached XP level 1. HP: 15/15 MP: 0/0
    70 | D:1      | Reached XP level 2. HP: 18/21 MP: 0/0
   228 | D:1      | Reached XP level 3. HP: 22/25 MP: 0/0
   228 | D:1      | Learned a level 1 spell: Shock
   890 | D:2      | Noticed Natasha
   897 | D:2      | Killed Natasha
   898 | D:2      | Reached XP level 4. HP: 20/31 MP: 0/0
  1021 | D:2      | Noticed Natasha
  1023 | D:2      | Killed Natasha
  1024 | D:2      | Reached XP level 5. HP: 29/35 MP: 0/0
  1024 | D:2      | Learned a level 2 spell: Lesser Beckoning
  1118 | D:2      | Noticed Natasha
  1124 | D:2      | Killed Natasha
  1679 | D:3      | Noticed Ijyb
  1685 | D:3      | Killed Ijyb
  1791 | D:3      | Reached XP level 6. HP: 35/40 MP: 0/0
  1933 | D:3      | Found a faded altar of an unknown god.
  1955 | D:3      | Noticed Jessica
  1960 | D:3      | Killed Jessica
  1969 | D:3      | HP: 3/60 [gnoll bouda/+0 whip (8)]
  1970 | D:3      | Mangled by a gnoll bouda

Illustrated notes

Levels and vault maps discovered:
D:1:      minmay_arrival_doors, layout_rooms
D:2:      layout_basic, chequers_mini_garden, uniq_natasha
D:3:      layout_basic, mainiacjoe_overflow_alcove_1, lemuel_blue_sif_altar,
          dreamdust_ecumenical_altar_drowned_temple, uniq_jessica, uniq_ijyb

Skill      XL: |  1  2  3  4  5 |
---------------+----------------+-----
Spellcasting   | 4 |  4.2
Conjurations   | 4 |  4.2
Hexes          | 4 |  4.2
Summonings     | 4 |  4.2
Necromancy     | 4 |  4.2
Translocations | 4 |  4.2
Transmutations | 4 |  4.2
Fire Magic     | 4 |  4.2
Ice Magic      | 4 |  4.2
Air Magic      | 4 |  4.2
Earth Magic    | 4 |  4.2
Poison Magic   | 4 |  4.2
Stealth        | 2 |  2.8
Dodging        | 3 |  3.7

Action                     |  1- 3 |  4- 6 || total
---------------------------+-------+-------++-------
  Melee: Unarmed           |     7 |       ||     7
         Club              |       |     1 ||     1
   Cast: Foxfire           |    96 |    91 ||   187
         Scorch            |       |     8 ||     8
    Use: Scroll            |       |     3 ||     3
         Potion            |       |     1 ||     1
 Armour: Robe              |     2 |     1 ||     3
  Dodge: Dodged            |     7 |    12 ||    19

Table legend: (Time is in decaauts)
 A = Elapsed time spent in this place.
 B = Non-inter-level travel time spent in this place.
 C = Inter-level travel time spent in this place.
 D = Time resting spent in this place.
 E = Time spent auto-exploring this place.
 F = Levels seen in this place.
 G = Mean time per level.
                   A        B        C        D        E       F      G
               +--------+--------+--------+--------+--------+-----+--------+
         Total |   1968 |   1939 |     29 |      0 |   1580 |   3 |  656.0 |
       Dungeon |   1968 |   1939 |     29 |      0 |   1580 |   3 |  656.0 |
               +--------+--------+--------+--------+--------+-----+--------+

Top non-repeatable levels by time:
     D:2: 910 daAuts
     D:1: 768 daAuts
     D:3: 290 daAuts
